[Event "Metz op 31th"]
[Site "Metz"]
[Date "2013.04.23"]
[Round "5"]
[White "Nguyen, Chi Minh"]
[Black "Vishnu, Prasanna V"]
[Result "1/2-1/2"]
[ECO "A69"]
[WhiteElo "2372"]
[BlackElo "2470"]
[Annotator "Metz Alekhine/Primel,D"]
[PlyCount "54"]
[EventDate "2013.04.20"]
[EventType "swiss"]
[EventRounds "9"]
[EventCountry "FRA"]
[SourceTitle "EXT 2016"]
[Source "ChessBase"]
[SourceDate "2015.10.08"]
[SourceVersion "1"]
[SourceVersionDate "2015.10.08"]
[SourceQuality "1"]
[TimeControl "40/5400:1800+30"]
[WhiteClock "1:30:00"]
[BlackClock "1:30:00"]

1. d4 {01H30} Nf6 2. c4 g6 3. Nc3 Bg7 4. e4 d6 5. f4 O-O 6. Nf3 c5 7. d5 e6 8.
Be2 exd5 9. cxd5 Re8 10. Nd2 {84} Ng4 {82} (10... Na6 11. O-O Nc7 12. a4 a6 13.
Bf3 Rb8 14. Re1 b5 15. axb5 axb5 16. Nb3 Bb7 17. Na5 Ba8 18. Nc6 Bxc6 19. dxc6
b4 20. Nd5 Nb5 {1/2-1/2 (20) Arnaudov,P (2448)-Rusev,K (2539) Milano 2013}) 11.
Bxg4 Qh4+ 12. g3 Qxg4 13. Qxg4 {81} Bxg4 {83} 14. Kf2 $5 {Toujours théorique
et le français a beaucoup d'expérience sur cette attaque des 04 P} (14. Nb5)
14... f5 {58 Une nouveauté trouvée devant l'échiquier} 15. h3 fxe4 $1 16.
hxg4 Bxc3 17. bxc3 e3+ 18. Kf3 exd2 19. Bxd2
Nd7 20. c4 $146 {Les Blancs ont un bon avantage d'espace et le K Noir est
relativement exposé} (20. Rab1 Rab8 21. Rhe1 Nb6 22. Re6 Nc4 23. Be3 Rf8 24.
Ke4 b5 25. f5 gxf5+ 26. gxf5 Nxe3 27. Kxe3 Rxf5 28. Rxd6 Re8+ 29. Re6 Rd8 30.
Rxb5 Rfxd5 31. Kf4 Rf8+ 32. Kg4 h5+ 33. Kh3 Rf7 34. Rc6 Rd2 35. Rbxc5 Rxa2 36.
Rxh5 a5 37. Rc8+ Kg7 38. Rg5+ Kf6 39. Kg4 a4 40. Rc6+ Ke7 41. Kh5 Raf2 42. Rc7+
Kf8 43. Rxf7+ Kxf7 44. Ra5 Rf3 45. g4 Rxc3 46. Rxa4 Rc6 47. Ra7+ Kg8 48. g5 Rb6
49. g6 Rb1 {Araque,R (2210)-Martin del Campo,R (2420) Curitiba 1993 1/2-1/2})
20... Rf8 21. Bc3 Nb6 22. Rae1 Rfe8 23. f5 Rxe1 {Concède le contrôle de la
colonne "e" mais les Noirs espèrent libérer le K Noir de la protection du
P"h7"} 24. Rxe1 Kf7 25. Rh1 $1 Kg8 26. fxg6 Rf8+ $8 27. Ke2 hxg6
1/2-1/2